 Dungeon Crawl Stone Soup version 0.30.1-3-gfc49f6343a (webtiles) character file.

Game seed: 7125810244665157392

96641 jtron the Warrior (level 16, -5/195 HPs)
             Began as an Ogre Berserker on July 27, 2023.
             Was an Elder of Trog.
             Killed by divine providence
             ... invoked by an orc priest
              (14 damage)
             ... on level 2 of the Orcish Mines.
             The game lasted 01:16:22 (20647 turns).

jtron the Warrior (Ogre Berserker)                 Turns: 20647, Time: 01:16:22

Health: -5/195     AC:  8    Str: 35    XL:     16   Next: 17%
Magic:  16/16      EV: 22    Int:  8    God:    Trog [****..]
Gold:   2993       SH:  0    Dex: 12    Spells: 15/15 levels left

rFire   . . .        s - +8 bardiche (flame)
rCold   . . .        (shield currently unavailable)
rNeg    . . .        m - +0 robe "Wozeocec" {rElec rPois Str+2}
rPois   +            Q - +2 hat
rElec   +            H - +2 cloak
rCorr   .            (gloves unavailable)
SInv    .            (boots unavailable)
Will    +....        B - amulet of regeneration
Stlth   +++          y - +6 ring of strength
HPRegen 1.32/turn    R - ring of the Hare {EV+10}
MPRegen 0.15/turn

%: no passive effects
@: on berserk cooldown, slowed, very slow
A: large, unfitting armour, tough skin 1
a: Renounce Religion, Berserk, Trog's Hand, Brothers in Arms


You were on level 2 of the Orcish Mines.
You worshipped Trog.
Trog was greatly pleased with you.
You visited 5 branches of the dungeon, and saw 23 of its levels.
You also visited: Bailey.

You collected 3316 gold pieces.
You spent 323 gold pieces at shops.

Inventory:

Hand Weapons
 a - a +7 spear of venom
 b - a +5 executioner's axe of flaming
 p - a +4 arbalest
 s - a +8 bardiche of flaming (weapon)
 G - the +4 consecrated labrys {holy, Valiant Fragile Fly SInv}
   (You found it in a bailey)

   Valiant:   It becomes more powerful as more dangerous foes come into view.
   SInv:      It lets you see invisible.
   Fly:       It grants you flight.
   Fragile:   It will be destroyed if unequipped.
 I - a +0 arbalest of flaming
Missiles
 e - 3 silver javelins
 g - 16 poisoned darts
 h - 36 boomerangs
 i - 6 javelins
 w - 11 large rocks (quivered)
 z - 10 throwing nets
Armour
 m - the +0 robe "Wozeocec" (worn) {rElec rPois Str+2}
   (You bought it in a shop on level 2 of the Dungeon)

   Str:       It affects your strength (+2).
   rElec:     It insulates you from electricity.
   rPois:     It protects you from poison.
 H - a +2 cloak (worn)
 Q - a +2 hat (worn)
 Z - the +4 skin of Zhor {*Englaciate rC+++ SInv}
   (You found it on level 2 of the Lair of Beasts)

   *Englaciate: It radiates cold, occasionally slowing all nearby creatures who
   are not resistant to cold.
   rC:        It renders you almost immune to cold.
   SInv:      It lets you see invisible.
Jewellery
 k - the ring "Juynyv" {rF+ Will+}
   (You found it on level 4 of the Lair of Beasts)

   [ring of protection from fire]

   rF:        It protects you from fire.
   Will:      It increases your willpower.
 y - a +6 ring of strength (left hand)
 B - an amulet of regeneration (around neck)
 D - the ring "Gocen" {Fly rN+ Int+4 Slay+3}
   (You acquired it in a bailey)

   [ring of flight]

   Int:       It affects your intelligence (+4).
   Slay:      It affects your accuracy & damage with ranged weapons and melee
   (+3).
   rN:        It protects you from negative energy.
   Fly:       It grants you flight.
 R - the ring of the Hare (right hand) {EV+10}
   (You found it on level 1 of the Lair of Beasts)

   [ring of evasion]

   EV:        It affects your evasion (+10).
Wands
 n - a wand of charming (36)
 u - a wand of polymorph (4)
 K - a wand of digging (4)
 L - a wand of light (4)
 N - a wand of flame (33)
Scrolls
 d - 3 scrolls of identify
 q - 7 scrolls of teleportation
 x - 3 scrolls of blinking
 A - a scroll of enchant armour
 F - a scroll of silence
 P - a scroll of poison
 U - 2 scrolls of fear
Potions
 c - 9 potions of curing
 f - a potion of mutation
 j - 4 potions of ambrosia
 l - 4 potions of lignification
 o - a potion of resistance
 v - 2 potions of cancellation
 C - a potion of flight
Miscellaneous
 W - a condenser vane


   Skills:
 + Level 20.7 Fighting
 + Level 7.6(13.0) Axes
 * Level 16.4(17.1) Polearms
 * Level 1.3 Ranged Weapons
 + Level 8.2 Throwing
 + Level 8.3 Dodging
 - Level 5.0 Stealth
 - Level 3.5 Evocations


You had 15 spell levels left.
You didn't know any spells.
Your spell library was empty.

Dungeon Overview and Level Annotations

Branches:
Dungeon (14/15)            Temple (0/1) D:6            Lair (5/5) D:10
 Shoals (1/4) Lair:3        Snake (1/4) Lair:2          Orc (2/2) D:11
 Vaults (0/5) D:13         Bailey (visited)
  Slime: Lair:4-5       Elf: Orc:2

Altars:
Ashenzari
Cheibriados
Fedhas
Gozag
Hepliaklqana
Kikubaaqudgha
Makhleb
Nemelex Xobeh
Okawaru
Qazlal
Ru
Uskayaw
Wu Jian
Xom
Yredelemnul
Zin
The Shining One

Shops:
D:2 [

Annotations:
Shoals:1 1 transporter, superradish's ghost, journeyman DsBr


Innate Abilities, Weirdness & Mutations

You are too large for most types of armour.
You have tough skin. (AC +1)


Message History

You slice the centaur warrior like a ripe choko!!!!
You burn the centaur warrior.
You kill the centaur warrior!
Trog accepts your kill.
The centaur shoots an arrow.
The arrow closely misses you.
Things that are here:
a +0 trident; a +0 arbalest You feel a strong urge to attack something.
The centaur shoots an arrow.
The arrow hits you.
* * * LOW HITPOINT WARNING * * *
The centaur shoots an arrow.
The arrow misses you.
You feel your anger nearly subside.
You are no longer berserk.
You are exhausted.
You feel yourself slow down.
The orc warrior no longer looks unusually strong.
The centaur unwields a +0 shortbow.
The centaur barely misses you.
The centaur kicks you but does no damage.
You slash the centaur! You burn the centaur.
The centaur is severely wounded.
The centaur barely misses you. The centaur completely misses you. x2
The centaur kicks you but does no damage.
You cut the centaur into ribbons!!! You burn the centaur.
You kill the centaur!
Trog accepts your kill.
You hit the orc warrior. You burn the orc warrior.
The orc warrior is moderately wounded.
The orc warrior misses you. The orc warrior completely misses you.
You barely miss the orc warrior.
The orc warrior is moderately wounded.
The orc warrior hits you with a +0 dire flail!
* * * LOW HITPOINT WARNING * * *
An orc priest comes into view. It is wielding a +0 flail.
The orc warrior misses you.
The orc priest miscasts a cantrip.
The orc warrior completely misses you. The orc warrior misses you.
The orc warrior hits you with a +0 dire flail!
* * * LOW HITPOINT WARNING * * *
The orc priest mumbles some strange prayers to Beogh against you.
Beogh smites you!
You die...

#.......## #.....
#........####)##.
##.........###.##.
#..)....[..##..... ##
##(#....[[[#......
##.##..)....[.#.......
#......)...)$[#.......
###...o.).....)))......
##...)o@.#.#).).).......
#....[.)...)....#.......
.........................
................)........
#...###...##..##..##.....
..≈≈ #≈≈..........##....
.≈≈ #≈≈≈..........#....
≈≈ ##≈≈≈≈...o.........
###≈≈≈≈......#....


You could see 2 orc warriors and an orc priest.

Vanquished Creatures
  A tengu reaver (D:12)
  The ghost of Kisosi the Severer, a journeyman DDFi of Makhleb (Orc:1)
  An ironbound preserver (D:13)
  A minotaur (Lair:2)
  The ghost of middlethird the Carver, a journeyman FoNe of Cheibriados (D:11)
  A boulder beetle (Lair:1)
  4 centaur warriors
  8 two-headed ogres
  6 death yaks (Lair:4)
  The ghost of Wiggles the Severer, a novice MiBe of Trog (D:9)
  A deep troll earth mage (D:12)
  Nergalle (D:11)
  4 skysharks
  A phantasmal warrior (D:12)
  A harpy (shapeshifter) (D:12)
  3 fauns (Shoals:1)
  4 deep elf pyromancers
  7 ugly things
  An orc sorcerer (Bailey)
  4 manticores
  2 salamanders (Snake:1)
  2 cyclopes
  Maurice (Orc:1)
  7 black mambas
  A gargoyle (D:12)
  5 unseen horrors
  7 cane toads
  2 kobold demonologists
  An efreet (D:13)
  A yaktaur (D:12)
  The ghost of GrumpyGrim72 the Conjurer, a novice OpCj (D:5)
  5 komodo dragons
  4 rime drakes
  3 polar bears (Lair:3)
  6 trolls
  A merfolk (Shoals:1)
  5 hornets
  A wind drake (Shoals:1)
  4 blink frogs (Lair:3)
  16 slime creatures
  A culicivora (shapeshifter) (D:13)
  2 wyverns
  3 water elementals (D:12)
  4 shadows
  2 wraiths
  4 basilisks
  30 yaks
  Grum (D:11)
  A steam dragon (D:4)
  5 vampire mosquitoes (D:12)
  A warg (Orc:2)
  12 water moccasins
  5 acid dragons
  22 orc warriors
  2 black bears
  19 wolves
  3 ogres
  12 centaurs
  6 kobold brigands
  13 bullfrogs
  4 gnoll sergeants (D:9)
  4 scorpions
  12 wights
  4 killer bees
  4 howler monkeys
  18 electric eels
  5 jellies
  6 hounds
  13 orc priests
  3 gnoll boudas
  4 iguanas
  3 sleepcaps
  Terence (D:2)
  20 orc wizards
  40 gnolls
  11 adders
  2 shadow imps
  2 ufetubi
  A worm (D:3)
  4 dart slugs
  70 orcs
  10 endoplasms
  5 giant cockroaches
  14 goblins
  13 hobgoblins
  13 jackals
  20 kobolds
  3 ball pythons
  7 bats
  5 frilled lizards
  5 rats
601 creatures vanquished.

Vanquished Creatures (collateral kills)
  A hydra (Lair:2)
  A centaur warrior (D:12)
  A boulder beetle (D:13)
  A death yak (Lair:4)
  A deep elf pyromancer (D:13)
  2 cyclopes
  A cane toad (Lair:2)
  A troll (D:13)
  A shadow (D:13)
  3 yaks (Lair:2)
  A basilisk (D:13)
  A warg (D:11)
  4 orc warriors
  An electric eel (Lair:2)
  7 orc priests
  2 orc wizards
  10 orcs
  A hobgoblin (D:11)
40 creatures vanquished.

Vanquished Creatures (others)
  An orc wizard (D:9)
1 creature vanquished.

Grand Total: 642 creatures vanquished

Notes
Turn   | Place    | Note
-------+----------+-------------------------------------------
     0 | D:1      | jtron the Ogre Berserker began the quest for the Orb.
     0 | D:1      | Reached XP level 1. HP: 24/24 MP: 1/1
   104 | D:1      | Reached XP level 2. HP: 32/32 MP: 2/2
   459 | D:1      | Reached XP level 3. HP: 30/39 MP: 3/3
   653 | D:1      | Reached ** piety under Trog
  1081 | D:2      | Noticed Terence
  1087 | D:2      | Killed Terence
  1088 | D:2      | Reached XP level 4. HP: 49/49 MP: 4/4
  1190 | D:2      | Found an opulent altar of Gozag.
  1200 | D:2      | Found a transporter.
  1203 | D:2      | Found Usez's Armour Shoppe.
  1205 | D:2      | Found a transporter.
  1303 | D:2      | Reached skill level 1 in Polearms
  1392 | D:2      | Reached skill level 5 in Fighting
  1919 | D:3      | Noticed an ogre
  2001 | D:3      | Reached XP level 5. HP: 57/57 MP: 5/5
  2423 | D:3      | Killed an ogre
  2424 | D:3      | Reached skill level 1 in Stealth
  2424 | D:3      | Reached XP level 6. HP: 66/66 MP: 6/6
  2958 | D:4      | Reached *** piety under Trog
  3153 | D:4      | Found a basalt altar of Yredelemnul.
  3156 | D:4      | Noticed a steam dragon
  3157 | D:4      | Found a sparkling altar of Nemelex Xobeh.
  3157 | D:4      | Found a glowing silver altar of Zin.
  3157 | D:4      | Found an ornate altar of the Wu Jian Council.
  3157 | D:4      | Found a snail-covered altar of Cheibriados.
  3167 | D:4      | Reached XP level 7. HP: 72/72 MP: 7/7
  3173 | D:4      | Killed a steam dragon
  3174 | D:4      | Reached skill level 5 in Polearms
  3480 | D:5      | Entered Level 5 of the Dungeon
  3786 | D:5      | Reached skill level 6 in Fighting
  3879 | D:5      | Found a runed translucent door.
  3889 | D:5      | Noticed GrumpyGrim72's ghost (novice OpCj)
  3914 | D:5      | Killed GrumpyGrim72's ghost
  3915 | D:5      | Reached skill level 1 in Throwing
  3915 | D:5      | Reached XP level 8. HP: 83/83 MP: 8/8
  4398 | D:5      | Found a glowing golden altar of the Shining One.
  4418 | D:5      | Found an ancient bone altar of Kikubaaqudgha.
  4545 | D:6      | Found a blossoming altar of Fedhas.
  4673 | D:6      | Reached **** piety under Trog
  4882 | D:6      | Found a staircase to the Ecumenical Temple.
  5007 | D:6      | Reached skill level 7 in Fighting
  5117 | D:6      | Found a stormy altar of Qazlal.
  5180 | D:6      | Reached XP level 9. HP: 93/93 MP: 9/9
  5315 | D:6      | Identified a scroll of acquirement
  5315 | D:6      | Acquired 678 gold pieces
  5432 | D:2      | Bought the +0 robe "Wozeocec" {rElec rPois Str+2} for 323
                  | gold pieces
  5610 | D:6      | Found a hazy altar of Hepliaklqana.
  5883 | D:7      | Found a shimmering altar of Xom.
  5883 | D:7      | Found a shimmering altar of Xom.
  5885 | D:7      | Found a shimmering altar of Xom.
  5885 | D:7      | Found a shimmering altar of Xom.
  5887 | D:7      | Found a shimmering altar of Xom.
  5896 | D:7      | Found a shimmering altar of Xom.
  5896 | D:7      | Found a shimmering altar of Xom.
  6243 | D:7      | Reached skill level 8 in Fighting
  7109 | D:8      | Found a sacrificial altar of Ru.
  7117 | D:8      | Found a burning altar of Makhleb.
  7395 | D:8      | Reached skill level 10 in Polearms
  7498 | D:8      | Reached skill level 9 in Fighting
  7552 | D:8      | Noticed a hornet
  7555 | D:8      | Killed a hornet
  7556 | D:8      | Reached XP level 10. HP: 107/107 MP: 10/10
  7858 | D:9      | Noticed a two-headed ogre
  7991 | D:9      | Reached ***** piety under Trog
  8017 | D:9      | Reached skill level 1 in Evocations
  8161 | D:9      | Found a flagged portal.
  8196 | Bailey   | Entered a bailey
  8309 | Bailey   | Reached skill level 10 in Fighting
  8321 | Bailey   | Noticed an orc sorcerer
  8333 | Bailey   | Killed an orc sorcerer
  8498 | Bailey   | Acquired the ring "Gocen" {Fly rN+ Int+4 Slay+3}
  8737 | Bailey   | Found an iron altar of Okawaru.
  8737 | Bailey   | Noticed a kobold demonologist
  8744 | Bailey   | Killed a kobold demonologist
  8816 | Bailey   | Found the +4 consecrated labrys {holy, Valiant Fragile Fly
                  | SInv}
  8825 | Bailey   | Identified the +5 falchion "Bejapp" {antimagic, *Corrode
                  | Int+4 Stlth+}
  8896 | D:9      | Found a runed translucent door.
  8896 | D:9      | Noticed a manticore
  8897 | D:9      | Noticed Wiggles's ghost (novice MiBe)
  9019 | D:9      | Reached skill level 11 in Fighting
  9365 | D:9      | Reached XP level 11. HP: 91/120 MP: 11/11
  9603 | D:9      | Killed Wiggles's ghost
  9610 | D:9      | Killed a manticore
  9697 | D:10     | Entered Level 10 of the Dungeon
  9723 | D:10     | Reached skill level 12 in Fighting
  9749 | D:10     | Found a hide-covered altar of Uskayaw.
  9876 | D:10     | Found an iron altar of Okawaru.
  9922 | D:10     | Noticed a two-headed ogre
  9931 | D:10     | Killed a two-headed ogre
 10081 | D:10     | Reached skill level 5 in Dodging
 10118 | D:10     | Reached skill level 5 in Axes
 10171 | D:10     | Noticed a two-headed ogre
 10186 | D:10     | Killed a two-headed ogre
 10205 | D:10     | Reached skill level 13 in Fighting
 10264 | D:10     | Noticed a two-headed ogre
 10272 | D:10     | Killed a two-headed ogre
 10272 | D:10     | Received a gift from Trog
 10437 | D:10     | Found a broken altar of Ashenzari.
 10478 | D:10     | Noticed a two-headed ogre
 10494 | D:10     | Killed a two-headed ogre
 10569 | D:10     | Found a staircase to the Lair.
 10589 | D:10     | Noticed a two-headed ogre
 10597 | D:10     | Killed a two-headed ogre
 10598 | D:10     | Reached skill level 14 in Fighting
 10723 | D:10     | Reached XP level 12. HP: 138/138 MP: 12/12
 10730 | D:10     | Reached ****** piety under Trog
 10771 | D:10     | Reached skill level 15 in Fighting
 10771 | D:10     | Reached XP level 13. HP: 147/147 MP: 13/13
 10772 | D:10     | Reached skill level 16 in Fighting
 10772 | D:10     | Reached XP level 14. HP: 160/160 MP: 14/14
 10952 | D:11     | Noticed Nergalle
 10973 | Lair:1   | Entered Level 1 of the Lair of Beasts
 10995 | Lair:1   | Found the ring of the Hare {EV+10}
 11545 | Lair:1   | Reached skill level 5 in Stealth
 11772 | Lair:1   | Reached skill level 17 in Fighting
 12243 | Lair:2   | Found a staircase to the Snake Pit.
 12364 | Lair:2   | Found a runed translucent door.
 12548 | Lair:2   | Found the +4 skin of Zhor {*Englaciate rC+++ SInv}
 12565 | Lair:2   | Reached skill level 18 in Fighting
 12914 | Lair:2   | Acquired 919 gold pieces
 13135 | Lair:2   | Identified the +2 scale mail of Parlour Games {rC+ Str+3}
 13792 | Lair:3   | Reached skill level 19 in Fighting
 13813 | Lair:3   | Received a gift from Trog
 14412 | Lair:3   | Found a staircase to the Shoals.
 15043 | Lair:4   | Identified the ring "Juynyv" {rF+ Will+}
 15648 | Lair:5   | Entered Level 5 of the Lair of Beasts
 15654 | Lair:4   | Reached XP level 15. HP: 168/183 MP: 15/15
 15828 | Snake:1  | Entered Level 1 of the Snake Pit
 16011 | Shoals:1 | Entered Level 1 of the Shoals
 16015 | Shoals:1 | Found a transporter.
 16022 | Shoals:1 | Noticed superradish's ghost (journeyman DsBr)
 16052 | Shoals:1 | Reached skill level 20 in Fighting
 16364 | D:11     | Killed Nergalle
 16364 | D:11     | Received a gift from Trog
 16381 | D:11     | Found a staircase to the Orcish Mines.
 16492 | D:11     | Found a faded altar of an unknown god.
 16755 | D:11     | Noticed Grum
 16770 | D:11     | Killed Grum
 16805 | D:11     | Found a runed translucent door.
 16816 | D:11     | Noticed middlethird's ghost (journeyman FoNe)
 16823 | D:11     | Killed middlethird's ghost
 17683 | D:12     | Identified the +3 glaive of the Blind Eye {flame, Drain
                  | Str+8 Int-2 Stlth+} (Trog gifted it to you on level 12 of
                  | the Dungeon)
 17683 | D:12     | Received a gift from Trog
 17685 | D:12     | Noticed a tengu reaver
 17691 | D:12     | Killed a tengu reaver
 17699 | D:12     | Reached skill level 15 in Polearms
 17714 | D:12     | Identified the +5 shortbow "Uxkisav" {flame, *Slow rPois
                  | rC+}
 18843 | D:13     | Found a gate to the Vaults.
 19398 | D:13     | Reached XP level 16. HP: 185/195 MP: 16/16
 19674 | Orc:1    | Entered Level 1 of the Orcish Mines
 19904 | Orc:1    | Noticed Maurice
 19918 | Orc:1    | Received a gift from Trog
 19922 | Orc:1    | Killed Maurice
 20017 | Orc:1    | Found a runed translucent door.
 20018 | Orc:1    | Noticed Kisosi's ghost (journeyman DDFi)
 20027 | Orc:1    | Killed Kisosi's ghost
 20095 | Orc:2    | Entered Level 2 of the Orcish Mines
 20333 | Orc:2    | Reached skill level 1 in Ranged Weapons
 20647 | Orc:2    | HP: 9/195 [orc warrior/+0 dire flail (12)]
 20647 | Orc:2    | Killed from afar by an orc priest

Illustrated notes

Levels and vault maps discovered:
D:1:      reono_arrival_forest_river, layout_basic, minmay_misc_feat_x
D:2:      layout_basic, basic_altar, serial_shops, nicolae_shop_drivethru,
          chequers_serial_rivers_marsh, chequers_serial_rivers_small_a,
          uniq_terence
D:3:      layout_loops_ring
D:4:      layout_gridville, grunt_temple_overflow_open
D:5:      layout_loops_ring, mainiacjoe_overflow_boulevard,
          mainiacjoe_overflow_alcove_1, gammafunk_ghost_grave,
          minmay_misc_feat_room
D:6:      layout_loops_ring, mainiacjoe_overflow_six_doors_small,
          nicolae_hepliaklqana_hippocampus, grunt_qazlal_sundering,
          minmay_temple_entry_steel_oval, nicolae_figureground_sparkle
D:7:      layout_loops_ring, nicolae_xom_altar_mimics, chequers_big_river
D:8:      layout_loops_ring, bloody_makhleb, mainiacjoe_overflow_catwalk,
          serial_glass, glass_columns_a, glass_columns_a, glass_columns_c,
          glass_columns_b
D:9:      layout_cave_pools, enter_bailey_5, ebering_ghost_inner_flame,
          serial_gnoll_camp, gnoll_camp_mini_loothouse, gnoll_camp_huts_moat,
          gnoll_camp_mini_sergeant, gnoll_camp_medium_02,
          nicolae_fountain_basement
D:10:     layout_irregular_city, mainiacjoe_overflow_small_starburst,
          mainiacjoe_overflow_alcove_4, nicolae_overflow_hidden_temple,
          lair_entry_dummy, kennysheep_kite_vault
D:11:     layout_stronghold, erik_orc_4, serial_column_ruins,
          column_ruins_temple_circle, column_ruins_open_tiny,
          column_ruins_open_tiny, column_ruins_open_small,
          column_ruins_corridor_straight, column_ruins_grid_3,
          column_ruins_open_tiny, ebering_ghost_reflecting_pool,
          kennysheep_flooded_box, uniq_grum, uniq_nergalle
D:12:     kennysheep_snake, layout_basic
D:13:     layout_loops_cross, skrybe_vaults_entry_preservation,
          nicolae_eternal_life
D:14:     layout_long_grid, serial_bayou_pond_b
Lair:1:   layout_cave_pods, grunt_forest_small_clearings, grunt_megastairs_1,
          serial_bayou_shore_b
Lair:2:   dreamdust_labyrinth, layout_big_grid,
          minmay_snake_entry_six_corridors, st_stairs_3, serial_bayou_lake_a
Lair:3:   layout_regular_city, elwin_shoals_entry_rocks, serial_bayou_shore_a
Lair:4:   layout_regular_city
Lair:5:   hellmonk_lair_end_abyssal_woods, layout_regular_city,
          minmay_slime_entry_pillars, nicolae_volcano_entry_hallway
Shoals:1: layout_shoals, gammafunk_ghost_arena, lemuel_centaur_altar
Snake:1:  layout_onion, basic_altar, minmay_shop_star, lemuel_fruit_tree,
          serial_bayou_shore_b, uniq_donald
Orc:1:    nicolae_orc_accident_2, layout_diamond_mine,
          ebering_ghost_reflecting_pool, basic_altar, uniq_maurice, uniq_harold
Orc:2:    st_orc_rangers, layout_caves, nicolae_shop_overcharged_wands

Skill      XL: |  1  2  3  4  5  6  7  8  9 10 11 12 13 14 15 16 |
---------------+-------------------------------------------------+-----
Dodging        | 3 4 6 7 8 |  8.3
Polearms       | 1 3 4 7 8 10 11 12 15 16 | 16.4
Fighting       | 5 6 7 9 11 14 15 16 19 20 | 20.7
Stealth        | 1 2 3 4 5 |  5.0
Throwing       | 1 3 4 6 7 8 |  8.2
Evocations     | 2 3 |  3.5
Axes           | 6 7 |  7.6
Ranged Weapons | 1 |  1.3

Action                     |  1- 3 |  4- 6 |  7- 9 | 10-12 | 13-15 | 16-18 || total
---------------------------+-------+-------+-------+-------+-------+-------++-------
  Melee: Hand axe          |   111 |       |       |       |       |       ||   111
         Punch             |     2 |       |     3 |     3 |     2 |       ||    10
         Spear             |     7 |   120 |   314 |   464 |   362 |       ||  1267
         Bardiche          |       |       |       |       |   328 |   118 ||   446
   Fire: Sling             |     5 |       |       |       |       |       ||     5
  Throw: Boomerang         |       |     6 |       |       |       |       ||     6
         Javelin           |       |     1 |    15 |       |       |       ||    16
         Dart              |       |       |     1 |    15 |    37 |     1 ||    54
         Throwing net      |       |       |       |       |     7 |       ||     7
         Large rock        |       |       |       |       |       |     1 ||     1
 Invoke: Berserk           |     1 |     4 |     3 |     5 |     8 |     3 ||    24
         Brothers in Arms  |       |       |       |       |     6 |     3 ||     9
  Evoke: Wand              |       |       |       |     3 |     8 |     2 ||    13
    Use: Scroll            |     1 |     7 |    10 |    13 |    16 |     4 ||    51
         Potion            |       |     1 |     1 |     4 |     7 |     1 ||    14
   Stab: Sleeping          |     1 |     5 |    11 |     4 |    12 |     1 ||    34
         Distracted        |       |       |     1 |     1 |       |       ||     2
         Held in net/web   |       |       |       |       |     2 |       ||     2
 Armour: Animal skin       |    40 |    31 |    32 |       |       |       ||   103
         Robe              |       |       |     5 |    28 |   119 |    28 ||   180
  Dodge: Dodged            |    65 |    34 |    70 |   130 |   368 |   218 ||   885
